 Dungeon Crawl Stone Soup version 0.31.0-11-ge490571c62 (webtiles) character file.

Game seed: 15644924147130560443

2 dorian the Magician (level 1, -3/15 HPs)
             Began as a Djinni Ice Elementalist on Jan 26, 2024.
             Slain by a hobgoblin (4 damage)
             ... on level 2 of the Dungeon.
             The game lasted 00:00:30 (119 turns).

dorian the Magician (Djinni Ice Elementalist)        Turns: 119, Time: 00:00:31

Health: -3/15      AC:  3    Str:  7    XL:     1   Next: 33%
Gold:   29         EV: 12    Int: 16    God:
                   SH:  0    Dex: 13

rFire   + + .        (no weapon)
rCold   x . .        (no shield)
rNeg    . . .        a - +0 robe
rPois   ∞            d - +0 helmet
rElec   .            (no cloak)
rCorr   .            (no gloves)
SInv    .            (boots unavailable)
Will    .....        (no amulet)
Stlth   ++           (no ring)
HPRegen 0.22/turn    (no ring)
MPRegen 0.00/turn

%: infuse magic (-4 HP)
@: flying
A: sickness immunity, fire resistance 2, cold vulnerability 1, float, innate
caster, HP casting, extra vitality 1
a: no special abilities


You were on level 2 of the Dungeon.
You visited 1 branch of the dungeon, and saw 2 of its levels.

You collected 29 gold pieces.

Inventory:

Armour
 a - a +0 robe (worn)
 d - a +0 helmet (worn)
Scrolls
 b - a scroll of noise {unknown}
 c - a scroll of identify {unknown}


   Skills:
 - Level 2.1 Dodging
 - Level 1.5 Stealth
 + Level 3.6 Spellcasting
 + Level 3.6 Conjurations
 + Level 3.6 Hexes
 + Level 3.6 Summonings
 + Level 3.6 Necromancy
 + Level 3.6 Translocations
 + Level 3.6 Fire Magic
 + Level 3.6 Ice Magic
 + Level 3.6 Air Magic
 + Level 3.6 Earth Magic
 + Level 3.6 Alchemy


You knew the following spells:

 Your Spells              Type           Power      Damage    Failure   Level
a - Freeze                Ice            56%        1d7       4%          1
b - Frozen Ramparts       Ice            28%        1d5       12%         3
c - Ozocubu's Armour      Ice            14%        N/A       12%         3
d - Summon Ice Beast      Ice/Summ       14%        N/A       12%         3
Your spell library was empty.

Dungeon Overview and Level Annotations

Branches:
Dungeon (1/15) Zot: 11880

Altars:


Innate Abilities, Weirdness & Mutations

You are immune to sickness and miasma.
You are immune to poison.
Your flesh is very heat resistant. (rF++)
You are vulnerable to cold. (rC-)
You float through the air rather than walking.
You learn spells naturally, not from books.
Your magical power is your life essence.
You have superior vitality. (+4 MHP)


Message History

You freeze the endoplasm.
The endoplasm is moderately wounded.
The endoplasm freezes you.
You are frozen.
You feel a terrible chill!
Casting: Freeze (safe; 4% risk of failure)
Confirm with . or Enter, or press ? or * to list all spells.
Aiming: Freeze (safe; 4% risk of failure)
Press: ? - help, Shift-Dir - straight line, f/p - endoplasm
Aim: an endoplasm (moderately wounded)
You freeze the endoplasm.
The endoplasm is severely wounded.
The endoplasm hits you.
Casting: Freeze (safe; 4% risk of failure)
Confirm with . or Enter, or press ? or * to list all spells.
Aiming: Freeze (safe; 4% risk of failure)
Press: ? - help, Shift-Dir - straight line, f/p - endoplasm
Aim: an endoplasm (severely wounded)
You freeze the endoplasm.
You kill the endoplasm!
* * * LOW HITPOINT WARNING * * *
Casting: Freeze (safe; 4% risk of failure)
Confirm with . or Enter, or press ? or * to list all spells.
Aiming: Freeze (safe; 4% risk of failure)
Press: ? - help, Shift-Dir - straight line, f - hobgoblin
Aim: a hobgoblin You freeze the hobgoblin.
The hobgoblin is lightly wounded.
* * * LOW HITPOINT WARNING * * *
The hobgoblin barely misses you.
You hit the hobgoblin but do no damage.
The hobgoblin is lightly wounded.
The hobgoblin barely misses you.
You hit the hobgoblin but do no damage.
The hobgoblin is lightly wounded.
The hobgoblin hits you.
* * * LOW HITPOINT WARNING * * *
You hit the hobgoblin but do no damage.
The hobgoblin is lightly wounded.
The hobgoblin hits you.
You die...

......#...#
......#...#
..†...#...# ##########
(.....#...# #........#
......#...###.######.#
......'........# #.#
......#.>.###..#####.#
...##.#...# #..#.....#
...##.#...# #..#@#####
...##.#...#
#..#g#####...
...##.#...#
#..#...J.....
...##.#####
#..#.....g... #####.#
#..#.........
#.#######..#.########
##..........#.#
#...........#.#
#...>.......#.#


You could see a hobgoblin.

Vanquished Creatures
  An endoplasm (D:2)
  A ball python (D:2)
2 creatures vanquished.

Notes
Turn   | Place    | Note
-------+----------+-------------------------------------------
     0 | D:1      | dorian the Djinni Ice Elementalist began the quest for the
                  | Orb.
     0 | D:1      | dorian set off with the following spells memorised: Freeze,
                  | Frozen Ramparts, Ozocubu's Armour, Summon Ice Beast.
     0 | D:1      | Reached XP level 1. HP: 15/15 MP: 0/0
     2 | D:1      | You are sucked into a shaft and drop 1 floor!
   119 | D:2      | Slain by a hobgoblin

Illustrated notes

Levels and vault maps discovered:
D:1:      dpeg_arrival_water_temple_mockup, layout_basic, minmay_pentomino_q2
D:2:      layout_basic

Action                     || total
---------------------------++-------
  Melee: Unarmed           ||     3
   Cast: Freeze            ||     5
 Armour: Robe              ||     3
  Dodge: Dodged            ||     2
